 Dungeon Crawl Stone Soup version 0.30-a0-354-g6b83867211 (webtiles) character file.

Game seed: 9409002760884292638

15150 billz999 the Skirmisher (level 12, -6/94 HPs)
             Began as a Gnoll Hunter on Nov 8, 2022.
             Was an Elder of Nemelex Xobeh.
             Mangled by a yak (10 damage)
             ... on level 1 of the Lair of Beasts.
             The game lasted 00:23:47 (12477 turns).

billz999 the Skirmisher (Gnoll Hunter)             Turns: 12477, Time: 00:23:48

Health: -6/94      AC:  7    Str: 20    XL:     12   Next: 24%
Magic:  23/23      EV: 17    Int:  9    God:    Nemelex Xobeh [****..]
Gold:   269        SH:  5    Dex: 20    Spells: 17/25 levels left

rFire   . . .      SeeInvis +    D - +8 lajatang "Dragon's Bane" {vamp, Fragile Str+3 SInv}
rCold   . . .      Faith    .    (shield currently unavailable)
rNeg    . . .      Spirit   .    c - +0 leather armour
rPois   .          Reflect  +    y - +0 helmet
rElec   .          Harm     .    o - +0 cloak
rCorr   .          Rampage  .    j - +0 pair of gloves
Will    .....                    (no boots)
Stlth   ++++......               k - amulet of reflection
HPRegen 0.35/turn                h - +4 ring of slaying
MPRegen 0.18/turn                W - +6 ring of strength

@: no status effects
A: fangs 1, strong nose, distributed training
a: Renounce Religion, Draw Escape, Draw Destruction, Draw Summoning, Triple
Draw, Deal Four


You were on level 1 of the Lair of Beasts.
You worshipped Nemelex Xobeh.
Nemelex Xobeh was greatly pleased with you.
You visited 2 branches of the dungeon, and saw 12 of its levels.
You also visited: Sewer.

You collected 614 gold pieces.
You spent 345 gold pieces at shops.

Inventory:

Hand Weapons
 a - a +3 arbalest of flaming
 i - a +0 dagger of speed
 r - a +1 dagger of electrocution
 w - a +0 vorpal hand axe
 D - the +8 lajatang "Dragon's Bane" (weapon) {vamp, Fragile Str+3 SInv}
   (You acquired it on level 11 of the Dungeon)

   It occasionally heals its wielder for a portion of the damage dealt when it
   wounds a living foe.
   Str:       It affects your strength (+3).
   SInv:      It lets you see invisible.
   Fragile:   It will be destroyed if unequipped.
 R - a +0 shortbow
 S - a +2 shortbow of flaming
 U - the +8 great sword of Equivalence {freeze, rF+ SInv}
   (You found it on level 1 of the Lair of Beasts)

   It freezes those it strikes, dealing additional cold damage.
   It can also slow down cold-blooded creatures.
   rF:        It protects you from fire.
   SInv:      It lets you see invisible.
Missiles
 u - 14 poisoned darts
 H - 3 curare-tipped darts
Armour
 c - a +0 leather armour (worn)
 j - a +0 pair of gloves (worn)
 o - a +0 cloak (worn)
 y - a +0 helmet (worn)
 E - a +2 scale mail of cold resistance
 X - the +2 robe "Cuavi" {*Slow rCorr Dex+2}
   (You bought it in a shop on level 10 of the Dungeon)

   Dex:       It affects your dexterity (+2).
   rCorr:     It protects you from acid and corrosion.
   *Slow:     It may slow you when you take damage.
Jewellery
 e - a ring of magical power
 f - a ring of fire
 h - a +4 ring of slaying (left hand)
 k - an amulet of reflection (around neck)
 F - a ring of fire
 L - a +6 ring of intelligence
 Q - a ring of positive energy
 W - a +6 ring of strength (right hand)
Wands
 C - a wand of flame (25)
 N - a wand of charming (11)
 P - a wand of mindburst (2)
 T - a wand of roots (3)
Scrolls
 b - 2 scrolls of immolation
 d - 4 scrolls of fog
 g - 5 scrolls of identify
 l - 7 scrolls of teleportation
 m - a scroll of vulnerability
 n - 3 scrolls of enchant armour
 v - 4 scrolls of noise
Potions
 p - 2 potions of experience {unknown}
 q - a potion of brilliance {unknown}
 s - a potion of invisibility {unknown}
 t - 3 potions of flight {unknown}
 x - a potion of magic {unknown}
 z - 6 potions of might {unknown}
 A - a potion of mutation {unknown}
 B - 8 potions of curing {unknown}
 G - 3 potions of degeneration {unknown}
 I - 2 potions of resistance {unknown}
 J - a potion of cancellation {unknown}
 K - 6 potions of heal wounds {unknown}
 M - 2 potions of attraction {unknown}
 O - a potion of ambrosia {unknown}
 V - a potion of lignification


   Skills:
 + Level 8.7 Fighting
 + Level 7.3 Short Blades
 + Level 7.3 Long Blades
 + Level 7.3 Axes
 + Level 7.3 Maces & Flails
 + Level 7.3 Polearms
 + Level 7.3 Staves
 + Level 11.2 Ranged Weapons
 + Level 7.3 Throwing
 + Level 7.3 Armour
 + Level 8.7 Dodging
 + Level 7.8 Stealth
 + Level 7.3 Shields
 + Level 7.3 Unarmed Combat
 + Level 7.3 Spellcasting
 + Level 6.1 Conjurations
 + Level 6.1 Hexes
 + Level 6.1 Summonings
 + Level 6.1 Necromancy
 + Level 6.1 Translocations
 + Level 6.1 Transmutations
 + Level 6.1 Fire Magic
 + Level 6.1 Ice Magic
 + Level 6.1 Air Magic
 + Level 6.1 Earth Magic
 + Level 6.1 Poison Magic
 + Level 8.1 Invocations
 + Level 7.3 Evocations


You had 17 spell levels left.
You knew the following spells:

 Your Spells              Type           Power      Damage    Failure   Level
a - Stone Arrow           Conj/Erth      28%        3d8       5%          3
b - Summon Mana Viper     Hex/Summ       14%        N/A       45%         5

Your spell library contained the following spells:

 Spells                   Type           Power      Damage    Failure   Level
 Sandblast                Erth           28%        2d8       1%          1
 Blink                    Tloc           28%        N/A       2%          2
 Cigotuvi's Dreadful Rot  Necr/Pois/Air  28%        N/A       2%          2
 Passwall                 Tmut/Erth      11%        N/A       2%          2
 Summon Guardian Golem    Hex/Summ       14%        N/A       5%          3
 Fulminant Prism          Conj/Hex       7%         3d7       19%         4
 Manifold Assault         Tloc           14%        N/A       19%         4
 Alistair's Intoxication  Tmut/Pois      9%         N/A       45%         5
 Borgnjor's Vile Clutch   Necr/Erth      7%         N/A       45%         5
 Summon Forest            Summ/Tloc      7%         N/A       45%         5
 Eringya's Noxious Bog    Tmut/Pois      7%         N/A       95%         6
 Summon Cactus Giant      Summ           7%         N/A       95%         6
 Storm Form               Tmut/Air       7%         N/A       100%        7
 Chain Lightning          Conj/Air       7%         3d9       100%        9
 Fire Storm               Conj/Fire      7%         8d2       100%        9
 Shatter                  Erth           7%         3d9*      100%        9


Dungeon Overview and Level Annotations

Branches:
Dungeon (11/15)            Temple (0/1) D:7            Lair (1/5) D:11
    Orc (0/2) D:10          Sewer (visited)

Altars:
Ashenzari
Cheibriados
Fedhas
Gozag
Hepliaklqana
Kikubaaqudgha
Makhleb
Nemelex Xobeh
Okawaru
Sif Muna
Uskayaw
Vehumet
Zin
The Shining One

Shops:
D:9 (:*[   D:10 [

Annotations:
D:6 1 runed translucent door, Crazy Yiuf


Innate Abilities, Weirdness & Mutations

You have very sharp teeth.
Your uncanny sense of smell can sniff out nearby items.
Your experience applies equally to all skills.


Message History

The yak misses you.
You see here a yak corpse.
You slash the yak!
You feel better.
The yak is moderately wounded.
You feel sick.
You are no longer poisoned.
The yak barely misses you. The yak misses you. You block the yak's attack.
You hit the yak but do no damage. You bite the yak.
The yak is moderately wounded.
The yak barely misses you. x2; The yak gores you.
* * * LOW HITPOINT WARNING * * *
You barely miss the yak.
The yak is moderately wounded.
The yak barely misses you. The yak misses you. The yak closely misses you.
You hit the yak but do no damage.
The yak is moderately wounded.
The yak misses you. The yak gores you!
* * * LOW HITPOINT WARNING * * *
The yak gores you but does no damage.
You barely miss the yak. You bite the yak, but do no damage.
The yak is moderately wounded.
You block the yak's attack. The yak gores you.
* * * LOW HITPOINT WARNING * * *
You block the yak's attack.
You slash the yak!
You feel better.
The yak is heavily wounded.
The yak misses you. The yak gores you.
* * * LOW HITPOINT WARNING * * *
The yak misses you.
You closely miss the yak.
The yak is heavily wounded.
The yak completely misses you. The yak gores you.
* * * LOW HITPOINT WARNING * * *
The yak closely misses you.
You slice the yak!!
You kill the yak!
The yak closely misses you. The yak barely misses you.
The yak closely misses you. The yak gores you!
You die...
Your body glows with a rainbow of weird colours and disappears.

### ## ##.### ###
###.##### .....####.####
#........
.............###........
....[.........##........
.............###........
.........###..##†.......
...........#...Y........
...PPPPPP.......@.......
...P♣♣♣♣P..##.##Y.......
...P♣ ♣P..##########.#.
...P ♣P. # ...P ♣P. ...P
PP ...P .... #.#.


You could see 2 yaks.

Vanquished Creatures
  Erolcha (D:9)
  3 two-headed ogres
  An oklob plant (D:11)
  Joseph (D:9)
  2 kobold demonologists
  A cane toad (Lair:1)
  2 trolls
  Grinder (D:3)
  Sigmund (D:2)
  A shadow (D:11)
  2 vampires (D:10)
  3 wraiths
  2 wyverns
  16 yaks
  2 steam dragons (D:8)
  10 vampire mosquitoes
  3 water moccasins
  Menkaure (D:7)
  An acid dragon (D:11)
  2 sky beasts
  11 orc warriors
  6 ogres
  3 centaurs
  2 wolves (D:11)
  A phantom (D:5)
  2 kobold brigands (Sewer)
  Blork the orc (D:6)
  4 bullfrogs
  2 scorpions
  11 wights
  3 killer bees (D:9)
  4 howler monkeys
  3 electric eels (D:11)
  11 hounds
  6 orc priests
  7 jellies
  12 orc wizards
  Robin (D:4)
  14 adders
  A gnoll (D:2)
  3 river rats
  A white imp (D:7)
  2 worms
  2 dart slugs
  44 orcs
  5 bats
  18 endoplasms
  6 giant cockroaches
  12 goblins
  15 hobgoblins
  14 jackals
  13 kobolds
  3 quokkas
  10 ball pythons
  7 frilled lizards
  9 rats
  2 butterflies (D:7)
327 creatures vanquished.

Vanquished Creatures (others)
  A kobold brigand (D:7)
  10 fungi (D:11)
  7 plants (Sewer)
18 creatures vanquished.

Grand Total: 345 creatures vanquished

Notes
Turn   | Place    | Note
-------+----------+-------------------------------------------
     0 | D:1      | billz999 the Gnoll Hunter began the quest for the Orb.
     0 | D:1      | Reached XP level 1. HP: 20/20 MP: 1/1
   186 | D:1      | Reached XP level 2. HP: 26/26 MP: 2/2
   274 | D:1      | Found a faded altar of an unknown god.
   765 | D:1      | Reached XP level 3. HP: 30/31 MP: 3/3
  1114 | D:2      | Reached skill level 1 in Invocations
  1146 | D:2      | Reached skill level 1 in Short Blades
  1146 | D:2      | Reached skill level 1 in Long Blades
  1146 | D:2      | Reached skill level 1 in Axes
  1146 | D:2      | Reached skill level 1 in Maces & Flails
  1146 | D:2      | Reached skill level 1 in Polearms
  1146 | D:2      | Reached skill level 1 in Staves
  1146 | D:2      | Reached skill level 1 in Throwing
  1146 | D:2      | Reached skill level 1 in Armour
  1146 | D:2      | Reached skill level 1 in Shields
  1146 | D:2      | Reached skill level 1 in Unarmed Combat
  1146 | D:2      | Reached skill level 1 in Spellcasting
  1146 | D:2      | Reached skill level 1 in Evocations
  1218 | D:2      | Reached XP level 4. HP: 32/38 MP: 5/5
  1319 | D:2      | Noticed Sigmund
  1354 | D:2      | Killed Sigmund
  1355 | D:2      | Reached skill level 1 in Conjurations
  1355 | D:2      | Reached skill level 1 in Hexes
  1355 | D:2      | Reached skill level 1 in Summonings
  1355 | D:2      | Reached skill level 1 in Necromancy
  1355 | D:2      | Reached skill level 1 in Translocations
  1355 | D:2      | Reached skill level 1 in Transmutations
  1355 | D:2      | Reached skill level 1 in Fire Magic
  1355 | D:2      | Reached skill level 1 in Ice Magic
  1355 | D:2      | Reached skill level 1 in Air Magic
  1355 | D:2      | Reached skill level 1 in Earth Magic
  1355 | D:2      | Reached skill level 1 in Poison Magic
  1355 | D:2      | Reached XP level 5. HP: 9/43 MP: 5/7
  1355 | D:2      | Reached XP level 6. HP: 11/50 MP: 5/8
  1882 | D:2      | Reached skill level 5 in Fighting
  1882 | D:2      | Reached skill level 5 in Dodging
  2244 | D:3      | Found a glowing drain.
  2250 | Sewer    | Entered a sewer
  2459 | Sewer    | Reached XP level 7. HP: 56/56 MP: 10/10
  3499 | D:3      | Noticed Grinder
  3503 | D:3      | Killed Grinder
  3504 | D:3      | Reached skill level 9 in Ranged Weapons
  3906 | D:4      | Noticed Robin
  3924 | D:4      | Killed Robin
  4209 | D:4      | Found a glowing silver altar of Zin.
  4235 | D:4      | Reached XP level 8. HP: 63/63 MP: 12/12
  4389 | D:4      | Found a radiant altar of Vehumet.
  4698 | D:4      | Learned a level 3 spell: Stone Arrow
  4729 | D:5      | Entered Level 5 of the Dungeon
  5007 | D:5      | Found a sparkling altar of Nemelex Xobeh.
  5021 | D:5      | Became a worshipper of Nemelex Xobeh the Trickster
  5585 | D:6      | Noticed Blork the orc
  5592 | D:6      | Killed Blork the orc
  5595 | D:6      | Reached XP level 9. HP: 68/69 MP: 14/14
  5667 | D:6      | Found a snail-covered altar of Cheibriados.
  5913 | D:6      | Reached * piety under Nemelex Xobeh
  6071 | D:6      | Found a runed translucent door.
  6072 | D:6      | Noticed Crazy Yiuf
  6373 | D:7      | Received a gift from Nemelex Xobeh
  6404 | D:7      | Noticed Menkaure
  6426 | D:7      | Reached skill level 5 in Stealth
  6716 | D:7      | Found a broken altar of Ashenzari.
  6748 | D:7      | Found an ancient bone altar of Kikubaaqudgha.
  6950 | D:7      | Killed Menkaure
  6965 | D:7      | Reached skill level 5 in Invocations
  6981 | D:7      | Found a staircase to the Ecumenical Temple.
  7310 | D:8      | Reached ** piety under Nemelex Xobeh
  7363 | D:8      | Noticed a two-headed ogre
  7384 | D:8      | Killed a two-headed ogre
  7617 | D:8      | Reached skill level 5 in Short Blades
  7617 | D:8      | Reached skill level 5 in Long Blades
  7617 | D:8      | Reached skill level 5 in Axes
  7617 | D:8      | Reached skill level 5 in Maces & Flails
  7617 | D:8      | Reached skill level 5 in Polearms
  7617 | D:8      | Reached skill level 5 in Staves
  7617 | D:8      | Reached skill level 5 in Throwing
  7617 | D:8      | Reached skill level 5 in Armour
  7617 | D:8      | Reached skill level 5 in Shields
  7617 | D:8      | Reached skill level 5 in Unarmed Combat
  7617 | D:8      | Reached skill level 5 in Spellcasting
  7617 | D:8      | Reached skill level 5 in Evocations
  7617 | D:8      | Reached XP level 10. HP: 54/77 MP: 17/17
  7623 | D:8      | Learned a level 5 spell: Summon Mana Viper
  7721 | D:8      | Reached skill level 10 in Ranged Weapons
  7841 | D:8      | Found a glowing golden altar of the Shining One.
  8027 | D:8      | Found a hide-covered altar of Uskayaw.
  8504 | D:9      | Found Zubod's Book Shop.
  9020 | D:9      | Noticed a kobold demonologist
  9032 | D:9      | Noticed a sixfirhy
  9038 | D:9      | Killed a kobold demonologist
  9039 | D:9      | Reached skill level 5 in Conjurations
  9039 | D:9      | Reached skill level 5 in Hexes
  9039 | D:9      | Reached skill level 5 in Summonings
  9039 | D:9      | Reached skill level 5 in Necromancy
  9039 | D:9      | Reached skill level 5 in Translocations
  9039 | D:9      | Reached skill level 5 in Transmutations
  9039 | D:9      | Reached skill level 5 in Fire Magic
  9039 | D:9      | Reached skill level 5 in Ice Magic
  9039 | D:9      | Reached skill level 5 in Air Magic
  9039 | D:9      | Reached skill level 5 in Earth Magic
  9039 | D:9      | Reached skill level 5 in Poison Magic
  9093 | D:9      | Noticed Joseph
  9105 | D:9      | Killed Joseph
  9106 | D:9      | Reached XP level 11. HP: 68/85 MP: 20/20
  9159 | D:9      | Identified the +8 chain mail "Uxtegeb" {rC++ Int-2}
  9235 | D:9      | Found Jonle's Antique Weapon Boutique.
  9314 | D:9      | Found Gosiwn's General Store.
  9325 | D:9      | Noticed a two-headed ogre
  9332 | D:9      | Killed a two-headed ogre
  9458 | D:9      | Found Hympid's Antique Armour Emporium.
  9463 | D:9      | Noticed Erolcha
  9467 | D:9      | Killed Erolcha
  9852 | D:9      | Reached *** piety under Nemelex Xobeh
  9862 | D:9      | Bought a runed arbalest for 180 gold pieces
  9921 | D:10     | Entered Level 10 of the Dungeon
 10131 | D:10     | Found a blossoming altar of Fedhas.
 10255 | D:10     | Received a gift from Nemelex Xobeh
 10265 | D:10     | Found a shimmering blue altar of Sif Muna.
 10313 | D:10     | Found a staircase to the Orcish Mines.
 10543 | D:10     | Found a burning altar of Makhleb.
 10558 | D:10     | Found an iron altar of Okawaru.
 10567 | D:10     | Found a hazy altar of Hepliaklqana.
 10595 | D:10     | Found an opulent altar of Gozag.
 10711 | D:10     | Found Gaong's Antique Armour Shop.
 10720 | D:10     | Bought a faintly glowing robe for 165 gold pieces
 10720 | D:10     | Identified the +2 robe "Cuavi" {*Slow rCorr Dex+2} (You
                  | bought it in a shop on level 10 of the Dungeon)
 11069 | D:11     | Identified a scroll of acquirement
 11069 | D:11     | Acquired the +8 lajatang "Dragon's Bane" {vamp, Fragile
                  | Str+3 SInv}
 11111 | D:11     | Reached skill level 11 in Ranged Weapons
 11124 | D:11     | Found a staircase to the Lair.
 11145 | D:11     | Noticed a two-headed ogre
 11154 | D:11     | Killed a two-headed ogre
 11161 | D:11     | Received a gift from Nemelex Xobeh
 11170 | D:11     | Reached **** piety under Nemelex Xobeh
 11212 | D:11     | Reached XP level 12. HP: 67/94 MP: 22/22
 12320 | Lair:1   | Entered Level 1 of the Lair of Beasts
 12331 | Lair:1   | Identified the +8 great sword of Equivalence {freeze, rF+
                  | SInv}
 12359 | Lair:1   | Got the Quarto of Toxic Execration
 12476 | Lair:1   | HP: 3/94 [yak (2)]
 12477 | Lair:1   | Mangled by a yak

Illustrated notes

Levels and vault maps discovered:
D:1:      lightli_arrival_statue_moat, layout_basic,
          shapermc_ecumenical_altar_totnotflames
D:2:      layout_basic, minmay_fountain_box, cheibrodos_gnoll_hut, uniq_sigmund
D:3:      layout_loops_ring, gup_sewer_entry_bubbles, uniq_grinder
D:4:      layout_basic, mainiacjoe_overflow_tiny_flanked, zin_statuary,
          minmay_misc_feat_diagonals, uniq_robin
D:5:      layout_rooms, nemelex_dance_club_becter, grunt_ministairs_10,
          minivault_23, hangedman_abyss_or_decor_jellyfish_corner
D:6:      layout_basic, kennysheep_little_box, chequers_serial_rivers_micro_e,
          uniq_blork_the_orc, uniq_crazy_yiuf_cottage
D:7:      layout_loops_ring, mainiacjoe_overflow_two_lobes,
          minmay_temple_entry_butterflies, st_stairs_7,
          minmay_misc_feat_more_columns, minmay_holes, uniq_menkaure
D:8:      layout_basic, general_overflow_altar, nicolae_tso_swordbearing_angel,
          minmay_misc_feat_square
D:9:      nicolae_cairo_tiling, layout_loops_ring, serial_shops,
          nicolae_shop_waterfront, nicolae_shop_hallway_stairs, shop_fountains,
          nicolae_square_shop, grunt_ministairs_1,
          hangedman_abyss_or_decor_stagger, uniq_erolcha, uniq_joseph
D:10:     layout_irregular_city, mainiacjoe_overflow_cross_hatched,
          nicolae_gozag_cash_rules_everything_around_me, bloody_makhleb,
          mainiacjoe_overflow_brackets, mainiacjoe_overflow_divided_tiny,
          david_orc_5, serial_shops, shop
D:11:     lemuel_slime, layout_irregular_city, erik_lair_island
Lair:1:   layout_gridlike, infiniplex_staircase_pool_2, uniq_sonja, uniq_fannar

Skill      XL: |  1  2  3  4  5  6  7  8  9 10 11 12 |
---------------+-------------------------------------+-----
Invocations    | 1 2 3 4 5 6 7 8 |  8.1
Short Blades   | 1 2 3 5 6 7 |  7.3
Long Blades    | 1 2 3 5 6 7 |  7.3
Axes           | 1 2 3 5 6 7 |  7.3
Maces & Flails | 1 2 3 5 6 7 |  7.3
Polearms       | 1 2 3 5 6 7 |  7.3
Staves         | 1 2 3 5 6 7 |  7.3
Throwing       | 1 2 3 5 6 7 |  7.3
Armour         | 1 2 3 5 6 7 |  7.3
Shields        | 1 2 3 5 6 7 |  7.3
Unarmed Combat | 1 2 3 5 6 7 |  7.3
Spellcasting   | 1 2 3 5 6 7 |  7.3
Evocations     | 1 2 3 5 6 7 |  7.3
Stealth        | 3 4 5 6 7 |  7.8
Conjurations   | 1 2 3 4 5 6 |  6.1
Hexes          | 1 2 3 4 5 6 |  6.1
Summonings     | 1 2 3 4 5 6 |  6.1
Necromancy     | 1 2 3 4 5 6 |  6.1
Translocations | 1 2 3 4 5 6 |  6.1
Transmutations | 1 2 3 4 5 6 |  6.1
Fire Magic     | 1 2 3 4 5 6 |  6.1
Ice Magic      | 1 2 3 4 5 6 |  6.1
Air Magic      | 1 2 3 4 5 6 |  6.1
Earth Magic    | 1 2 3 4 5 6 |  6.1
Poison Magic   | 1 2 3 4 5 6 |  6.1
Fighting       | 5 6 7 8 |  8.7
Dodging        | 5 6 7 8 |  8.7
Ranged Weapons | 9 10 11 | 11.2

Action                   |  1- 3 |  4- 6 |  7- 9 | 10-12 || total
-------------------------+-------+-------+-------+-------++-------
Melee: Dagger            |       |       |    85 |   172 ||   257
       Bite              |       |       |     7 |    50 ||    57
       Punch             |       |       |     1 |    10 ||    11
       Lajatang          |       |       |       |   131 ||   131
       Hand axe          |       |       |       |    36 ||    36
 Fire: Shortbow          |    56 |   122 |   215 |    59 ||   452
       Arbalest          |       |       |       |    71 ||    71
 Cast: Stone Arrow       |       |       |       |     7 ||     7
Evoke: Wand              |       |       |     8 |    14 ||    22
  Use: Potion            |       |     1 |       |       ||     1
       Scroll            |       |       |     7 |     5 ||    12
 Stab: Sleeping          |       |       |     1 |     8 ||     9
       Distracted        |       |       |       |     1 ||     1
Armor: Leather armour    |     3 |     6 |    28 |    53 ||    90
       Skin              |       |     4 |       |       ||     4
Dodge: Dodged            |    14 |    15 |    87 |   250 ||   366
Block: Other             |       |       |    17 |    75 ||    92
       Reflection        |       |       |     1 |     2 ||     3

Table legend: (Time is in decaauts)
 A = Elapsed time spent in this place.
 B = Non-inter-level travel time spent in this place.
 C = Inter-level travel time spent in this place.
 D = Time resting spent in this place.
 E = Time spent auto-exploring this place.
 F = Levels seen in this place.
 G = Mean time per level.
                   A        B        C        D        E       F      G
               +--------+--------+--------+--------+--------+-----+--------+
         Total |  12664 |  12146 |    518 |    484 |   9860 |  13 |  974.2 |
       Dungeon |  11684 |  11180 |    504 |    484 |   9136 |  11 | 1062.2 |
          Lair |    159 |    146 |     13 |      0 |     90 |   1 |  159.0 |
         Sewer |    821 |    821 |      0 |      0 |    633 |   1 |  821.0 |
               +--------+--------+--------+--------+--------+-----+--------+

Top non-repeatable levels by time:
     D:9: 1371 daAuts
    D:11: 1285 daAuts
     D:8: 1192 daAuts
    D:10: 1159 daAuts
     D:4: 1147 daAuts
     D:1: 1119 daAuts
     D:2: 1072 daAuts
     D:6: 957 daAuts
     D:7: 953 daAuts
   Sewer: 821 daAuts
     D:3: 761 daAuts
     D:5: 663 daAuts
  Lair:1: 159 daAuts
